Map: Heavy Artillery LE

Players

qqq - Winner!

  • Race: Zerg Zerg
  • League: Platinum
  • Spawn Location: 7:00

Massa - Winner!

  • Race: Terran Terran
  • League: Platinum
  • Spawn Location: 7:00

SpaceRU

  • Race: Protoss Protoss
  • League: Platinum
  • Spawn Location: 1:00

gosha

  • Race: Zerg Zerg
  • League: Diamond
  • Spawn Location: 3:00

VOD

Have the link to the VOD?

Description

Time

  • Played on: Dec. 8, 2020, 5:34 a.m.
  • Length: 4:54
Show
View Real Time Build Order
Export as new Build Order

qqq Zerg - Winner!

Build Orders: Hatch First 

Get SALT Encoding   

  12  0:02  Drone  
  13  0:09  Drone  
  14  0:19  Overlord  
  14  0:46  Hatchery  
  13  1:00  Drone  
  13  1:02  Drone x2  
  16  1:20  Drone, Spawning Pool  
  16  1:30  Drone  
  17  1:33  Extractor  
  17  1:34  Drone  
  17  1:48  Drone  
  18  2:00  Drone  
  19  2:01  Drone  
  19  2:06  Queen  
  19  2:07  Queen  
  24  2:10  Drone  
  25  2:17  Overlord  
  25  2:21  Drone  
  26  2:23  Drone  
  27  2:34  Zergling x2  
  27  2:36  Zergling x2  
  29  2:41  Metabolic Boost  
  29  2:54  Zergling x2  
  29  2:55  Zergling x4  
  29  2:56  Zergling x2  
  33  3:07  Zergling x2  
  33  3:08  Zergling x2  
  35  3:23  Zergling x2  
  35  3:24  Overlord x2  
  35  3:26  Overlord  
  36  3:38  Zergling x2  
  33  3:49  Spine Crawler  
  33  3:51  Zergling x4  
  33  3:52  Zergling x6  
  33  3:53  Zergling x2  
  37  4:07  Zergling x2  
  37  4:08  Zergling x2  
  39  4:22  Zergling x2  
  39  4:23  Zergling x2  
  39  4:24  Zergling x2  
Show
View Real Time Build Order
Export as new Build Order

Massa Terran - Winner!

Build Orders:  

Get SALT Encoding   

  12  0:00  SCV  
  13  0:12  SCV  
  14  0:23  Supply Depot  
  14  0:24  SCV  
  15  0:41  Refinery  
  15  0:45  SCV  
  16  0:53  Barracks  
  16  1:02  SCV  
  17  1:08  Barracks  
  17  1:14  SCV  
  18  1:26  SCV  
  19  1:39  Barracks Tech Lab  
  20  1:41  Orbital Command  
  19  1:56  Barracks Tech Lab  
  19  2:00  Supply Depot  
  21  2:01  Marauder  
  21  2:05  Supply Depot  
  21  2:07  SCV  
  22  2:10  Concussive Shells  
  22  2:22  Marauder  
  26  2:23  SCV, Marauder  
  27  2:44  Marauder x2  
  31  2:50  Supply Depot  
  31  2:51  Supply Depot  
  31  3:05  Marauder x2  
  35  3:26  Marauder  
  39  3:27  Marauder  
  39  3:28  Bunker  
  39  3:48  Marauder  
  37  3:52  Marauder  
  39  4:09  Marauder  
  41  4:13  Marauder  
  41  4:31  Marauder  
Show
View Real Time Build Order
Export as new Build Order

SpaceRU Protoss 

Build Orders: 1 Gate Expand 

Get SALT Encoding   

  12  0:00  Probe  
  13  0:12  Probe  
  14  0:18  Pylon  
  14  0:24  Probe (Chrono Boost)  
  15  0:37  Probe (Chrono Boost)  
  15  0:38  Gateway  
  16  0:45  Probe (Chrono Boost)  
  17  0:50  Assimilator  
  17  0:51  Probe  
  18  1:03  Probe (Chrono Boost)  
  19  1:15  Probe (Chrono Boost)  
  20  1:24  Probe (Chrono Boost)  
  21  1:29  Probe  
  21  1:31  Cybernetics Core  
  22  1:40  Nexus  
  22  1:42  Probe  
  23  1:54  Assimilator  
  23  1:57  Probe, Pylon  
  23  2:15  Probe  
  24  2:17  Pylon  
  24  2:21  Warp Gate (Chrono Boost)  
  24  2:22  Adept  
  24  2:27  Probe (Chrono Boost)  
  28  2:37  Probe (Chrono Boost)  
  28  2:41  Twilight Council  
  28  2:48  Forge  
  28  2:49  Probe  
  29  2:56  Stalker  
  31  3:01  Probe  
  32  3:11  Gateway  
  32  3:15  Gateway  
  32  3:20  Probe  
  32  3:21  Probe  
  32  3:24  Stalker (Chrono Boost)  
  32  4:08  Stalker  
  32  4:09  Stalker  
  34  4:21  Stalker  
  32  4:25  Shield Battery  
Show
View Real Time Build Order
Export as new Build Order

gosha Zerg 

Build Orders: Hatch First 

Get SALT Encoding   

  12  0:15  Overlord  
  12  0:18  Drone  
  13  0:30  Drone  
  13  0:34  Drone  
  15  0:39  Drone  
  16  1:01  Drone  
  16  1:02  Drone  
  18  1:07  Hatchery  
  17  1:13  Spawning Pool  
  17  1:16  Extractor  
  15  1:18  Drone  
  16  1:35  Drone  
  16  1:36  Drone  
  18  1:43  Drone  
  19  1:53  Overlord  
  19  2:01  Queen  
  19  2:05  Zergling x2  
  23  2:15  Zergling x2  
  23  2:19  Metabolic Boost  
  23  2:20  Drone  
  23  2:21  Queen  
  26  2:29  Zergling x2  
  27  2:36  Zergling x2  
  29  2:37  Drone  
  29  2:45  Drone  
  29  2:50  Overlord  
  29  3:07  Zergling x4  
  29  3:12  Drone x3  
  34  3:15  Zergling x2  
  34  3:16  Zergling x4  
  36  3:21  Spine Crawler  
  36  3:25  Drone  
  36  3:26  Roach Warren, Zergling x2  
  32  3:43  Zergling x2  
  32  3:44  Zergling x4  
  34  3:52  Zergling x2  
  34  3:54  Queen  
  34  4:07  Roach x3  
  34  4:08  Roach  
  41  4:16  Spine Crawler  
  37  4:22  Overlord  
Tags
 
Add a new tag
Caveats
  • Supply blocks, unpowered buildings, or Contaminate may cause inaccurate times.
  • Supply counts are checked every 10 seconds.